AoeStats
← Fazzz7z

Fortress

507257686Analyzed
2v2 RM · 15d ago on Sep 17, 2026· 45m 3s· 4 players
Game mode
Random Map
Map size
Normal (6 player)
Population
200
Speed
Normal
Resources
Standard
Victory
Conquest
Starting age
Dark Age
Ending age
Imperial Age
RankedLock teamsTeams togetherTeam positionsShared explorationLock speedFull tech treeHidden civsTurbo modeCheats
Victory
Defeat
🇨🇳 Inca · China
1530
+14
🇨🇳 Dravidians · China
1523
+14
🇧🇷 Japanese · Brazil
1491
-15
🇬🇧 Khmer · United Kingdom
1465
-13
p1c0
8:46 Feudal Age
12:35 Castle Age
10:55 Double-Bit Axe
11:33 Scale Mail Armor
12:16 Forging
13:38 Chain Mail Armor
14:58 Squires
22:07 Iron Casting
21:44 Loom
22:34 Wheelbarrow
26:39 Gold Mining
26:40 Stone Mining
26:34 Horse Collar
27:37 Bow Saw
27:49 Heavy Plow
29:06 Hand Cart
28:37 Town Watch
30:15 Gold Shaft Mining
33:23 Imperial Age
30:57 Fletching
31:07 Padded Archer Armor
31:51 Bodkin Arrow
31:57 Padded Archer Armor
32:23 Ballistics
32:38 Masonry
33:24 Fortified Wall
32:55 Treadmill Crane
34:15 Leather Archer Armor
34:12 Bracer
35:42 Chemistry
35:12 Thumb Ring
36:02 Conscription
36:36 Ring Archer Armor
35:45 Elite Skirmisher
39:32 Plate Mail Armor
40:02 Blast Furnace
40:06 Elite Samurai
45:13 Kataparuto
Fazzz7z
7:12 Feudal Age
11:04 Castle Age
8:57 Double-Bit Axe
9:22 Horse Collar
9:46 Gold Mining
17:16 Bow Saw
18:01 Wheelbarrow
17:17 Loom
18:05 Heavy Plow
20:03 Stone Mining
20:50 Gold Shaft Mining
20:59 Fletching
21:10 Padded Archer Armor
21:00 Town Watch
21:37 Hand Cart
21:09 Town Watch
22:34 Stone Shaft Mining
25:52 Imperial Age
23:49 Bodkin Arrow
25:03 Leather Archer Armor
26:43 Ballistics
27:02 Bracer
26:30 Heavy Scorpion
27:29 Double Crossbow
27:04 Light Cavalry
27:54 Bloodlines
27:45 Husbandry
28:42 Conscription
28:54 Forging
28:49 Scale Barding Armor
29:03 Hussar
31:09 Iron Casting
32:35 Chain Barding Armor
34:56 Chemistry
35:37 Plate Barding Armor
36:35 Blast Furnace
45:33 Ring Archer Armor
Player86688262
8:16 Feudal Age
8:38 Horse Collar
8:43 Double-Bit Axe
11:21 Loom
13:53 Castle Age
15:09 Wheelbarrow
14:45 Heavy Plow
14:55 Bow Saw
17:41 Fletching
19:00 Bodkin Arrow
28:23 Town Watch
31:22 Gold Mining
36:48 Imperial Age
35:10 Andean Sling
36:14 Forging
35:26 Champi Runner
36:07 Squires
35:53 Arson
36:10 Scale Mail Armor
36:30 Hand Cart
36:30 Caravan
38:25 Iron Casting
38:05 Chain Mail Armor
37:11 Champi Warrior
38:40 Fabric Shields
39:01 Conscription
40:02 Crop Rotation
40:08 Gold Shaft Mining
39:28 Stone Mining
39:55 Elite Champi Warrior
42:02 Plate Mail Armor
42:33 Blast Furnace
42:13 Town Patrol
43:15 Bracer
43:15 Padded Archer Armor
44:21 Chemistry
43:42 Ballistics
44:32 Thumb Ring
45:18 Coinage
46:04 Stone Shaft Mining
mongo
7:25 Feudal Age
9:01 Double-Bit Axe
9:03 Horse Collar
12:03 Castle Age
12:59 Double-Bit Axe
13:51 Wheelbarrow
13:35 Heavy Plow
14:57 Hand Cart
18:48 Hand Cart
19:47 Gold Mining
21:26 Loom
21:28 Town Watch
24:39 Imperial Age
22:40 Fletching
22:50 Padded Archer Armor
23:43 Medical Corps
24:30 Ballistics
24:07 Bodkin Arrow
26:39 Chemistry
26:08 Bracer
26:53 Elite Elephant Archer
27:53 Husbandry
28:12 Leather Archer Armor
30:04 Fortified Wall
32:21 Bow Saw
33:18 Masonry
33:40 Ring Archer Armor
35:13 Caravan
36:43 Two-Man Saw
Connection lost

Rejoining the realm…

Still unreachable

The connection could not be restored.

Session expired

The server has moved on; the page needs a fresh start.